 Dungeon Crawl Stone Soup version 0.20-b1 (webtiles) character file.

51 Hook the Ruffian (level 3, 0/30 HPs)
             Began as a Draconian Transmuter on May 19, 2017.
             Slain by a gnoll
             ... wielding a +0 flail
              (6 damage)
             ... on level 2 of the Dungeon.
             The game lasted 00:03:16 (1678 turns).

Hook the Ruffian (Draconian Transmuter)             Turns: 1678, Time: 00:03:16

Health: 0/30       AC:  5    Str: 13    XL:     3   Next: 58%
Magic:  2/6        EV: 12    Int: 17    God:
Gold:   68         SH:  0    Dex: 11    Spells: 0/6 levels left

rFire    . . .     SeeInvis .     - Unarmed
rCold    . . .     Gourm    .   (no shield)
rNeg     . . .     Faith    .   (armour unavailable)
rPois    .         Spirit   .   (helmet restricted)
rElec    .         Reflect  .   (no cloak)
rCorr    .         Harm     .   (no gloves)
MR       .....                  (no boots)
Stlth    +.........             (no amulet)
Regen    0.1/turn               l - +4 ring of intelligence
MPRegen  0.1/turn               (no ring)

@: very slightly contaminated
A: unfitting armour, cold-blooded, AC +5
a: no special abilities


You were on level 2 of the Dungeon.
You were not hungry.

You visited 1 branch of the dungeon, and saw 2 of its levels.

You collected 68 gold pieces.

Inventory:

Missiles
 a - 9 arrows
 i - 65 stones (quivered)
Jewellery
 l - a +4 ring of intelligence (left hand)
Scrolls
 g - a scroll of noise {unknown}
 j - a scroll of remove curse {unknown}
 k - a scroll of teleportation {unknown}
Potions
 h - a potion of agility
 m - a potion of curing {unknown}
 o - a potion of degeneration {unknown}
Books
 b - a book of Changes

   Spells                             Type                      Level
   a - Beastly Appendage              Transmutation                1
   b - Sticks to Snakes               Transmutation                2
   c - Spider Form                    Transmutation/Poison         3
   d - Ice Form                       Ice/Transmutation            4
   e - Blade Hands                    Transmutation                5
Comestibles
 c - a bread ration
 f - a royal jelly


   Skills:
 * Level 2.3 Fighting
 + Level 1.9 Dodging
 * Level 3.4 Unarmed Combat
 * Level 2.4 Spellcasting
 + Level 2.3 Transmutations


You couldn't memorise any spells.
You knew the following spells:

 Your Spells              Type           Power        Failure   Level  Hunger
a - Beastly Appendage     Tmut           ##....       7%          1    #......
b - Sticks to Snakes      Tmut           ##......     11%         2    ##.....
c - Spider Form           Tmut/Pois      #.........   34%         3    ###....


Dungeon Overview and Level Annotations

Branches:
Dungeon (2/15)

Altars:


Innate Abilities, Weirdness & Mutations

Your plain brown scales are hard. (AC +5)
You cannot fit into any form of body armour.
You are cold-blooded and may be slowed by cold attacks.


Message History

The gnoll closely misses you.
Things that are here:
a halberd; a scroll labeled CIDOPY TI AMO; a gnoll corpse The gnoll hits you but does no damage.
The gnoll drinks a potion.
The gnoll seems to speed up.
The gnoll closely misses you.
Casting: Beastly Appendage
Confirm with . or Enter, or press ? or * to list all spells.
You create a snake!
You now have 9 arrows.
The gnoll closely misses you. The gnoll closely misses your adder.
The gnoll barely misses your adder. The gnoll closely misses you.
Your adder barely misses the gnoll.
The gnoll hits your adder with a club.
Your talons disappear.
The gnoll barely misses you.
Casting: Sticks to Snakes
Confirm with . or Enter, or press ? or * to list all spells.
You miscast Sticks to Snakes.
You are very lightly contaminated with residual magic.
Nothing appears to happen.
The gnoll hits you with a flail.
You die...

#...#.# #.
#...#.########## ##.#.#.
#...#...>....... .......
#...####................
##'###........... ....##
#.# #.########.# ####
##.###.#......#.#
#....#.#gS.g....#
#......@#####.#####
#.##.#### #..)....#
#.#..# #.........#
#.#.#####.#.......#
###.#.....# #.......#
#....####.#.#.......#
#....'......#.......#
#....#....###.......#
#.......### #########


You could see 2 gnolls and a friendly adder.

Vanquished Creatures
  A gnoll (D:2)
  An adder (D:2)
  An ooze (D:2)
  2 leopard geckos
  3 giant cockroaches
  3 hobgoblins
  A ball python (D:1)
  3 bats (D:1)
  2 goblins
  4 kobolds
  2 rats
23 creatures vanquished.

Vanquished Creatures (collateral kills)
  An adder (D:2)
1 creature vanquished.

Grand Total: 24 creatures vanquished

Notes
Turn   | Place    | Note
-------+----------+-------------------------------------------
     0 | D:1      | Hook the Draconian Transmuter began the quest for the Orb.
     0 | D:1      | Reached XP level 1. HP: 16/16 MP: 3/3
   537 | D:1      | Reached XP level 2. HP: 23/24 MP: 5/5
   788 | D:1      | Learned a level 2 spell: Sticks to Snakes
  1062 | D:2      | Reached XP level 3. HP: 24/29 MP: 6/6
  1575 | D:2      | Learned a level 3 spell: Spider Form
  1678 | D:2      | Slain by a gnoll

Skill      XL: |  1  2 |
---------------+-------+-----
Fighting       | 2 |  2.3
Dodging        | |  1.9
Unarmed Combat | |  3.4
Spellcasting   | |  2.4
Transmutations | |  2.3

Action                   || total
-------------------------++-------
Melee: Unarmed           ||   101
       Kick              ||     5
       Tailslap          ||     9
Throw: Stone             ||    11
 Cast: Beastly Appendage ||     3
       Sticks to Snakes  ||     3
  Use: Scroll            ||     2
  Eat: Chunk             ||     1
       Royal jelly       ||     1
Armor: Skin              ||    42
Dodge: Dodged            ||    70
